 Dungeon Crawl Stone Soup version 0.16.2-12-gd0ad4c3 (webtiles) character file.

161 dvd the Chiller (level 5, -4/36 HPs)
             Began as a Merfolk Ice Elementalist on Oct 14, 2015.
             Killed by nerve-wracking pain
             ... invoked by CrazyArbalest's ghost
              (11 damage)
             ... on level 4 of the Dungeon.
             The game lasted 00:18:57 (3323 turns).

dvd the Chiller (Merfolk Ice Elementalist)          Turns: 3323, Time: 00:18:57

Health: -4/36      AC: 12    Str: 12    XL:     5   Next: 42%
Magic:  10/11      EV: 13    Int: 15    God:
Gold:   183        SH:  0    Dex: 15    Spells: 4 memorised, 1 level left

rFire  . . .     SeeInvis .     w - +1 spear
rCold  . . .     Clarity  .     a - +0 robe
rNeg   . . .     SustAb   .     (no shield)
rPois  .         Gourm    .     r - +2 hat
rElec  .         Spirit   .     y - +0 cloak
rCorr  .         Warding  .     s - +0 pair of gloves (curse)
rMut   .         Stasis   .     p - +0 pair of boots
MR     .....                    (no amulet)
Stlth  +++.......               n - ring of stealth
                                d - +4 ring of strength

@: icy armour (expiring), not resistant to hostile enchantments, fairly stealthy
A: change form in water, swift swim
a: no special abilities


You were on level 4 of the Dungeon.
You were not hungry.

You visited 1 branch of the dungeon, and saw 4 of its levels.

You collected 183 gold pieces.

Inventory:

Hand weapons
 u - the cursed -2 war axe of Ischur {speed, +Blink rElec rC+ Dex+2, unknown}
   (You found it on level 4 of the Dungeon)

   Attacks with this weapon are significantly faster.
   It affects your dexterity (+2).
   It protects you from cold.
   It insulates you from electricity.
   It lets you blink.
   It has a curse placed upon it.
 v - a +0 long sword
 w - a +1 spear (weapon)
 x - a +0 mace of draining
Armour
 a - a +0 robe (worn)
 p - a +0 pair of boots (worn)
 r - a +2 hat (worn)
 s - a cursed +0 pair of gloves (worn)
 y - a +0 cloak (worn)
Jewellery
 d - a +4 ring of strength (left hand)
 n - a ring of stealth (right hand)
Scrolls
 g - a scroll of identify
 i - a scroll of fog {unknown}
 l - a scroll of remove curse {unknown}
 o - 2 scrolls of amnesia
Potions
 e - a potion of flight
 h - a potion of lignification
 j - 2 potions of curing {unknown}
 k - a potion of ambrosia {unknown}
 m - a potion of might {unknown}
 t - a potion of brilliance {unknown}
Books
 b - a book of Frost

   Spells                             Type                      Level
   a - Freeze                         Ice                          1
   b - Throw Frost                    Conjuration/Ice              2
   c - Ozocubu's Armour               Charms/Ice                   3
   d - Throw Icicle                   Conjuration/Ice              4
   e - Summon Ice Beast               Ice/Summoning                4
   f - Condensation Shield            Ice                          4
Comestibles
 c - 5 bread rations
 f - a chunk of flesh
 q - 4 meat rations


   Skills:
 + Level 0.7 Fighting
 + Level 3.1 Dodging
 + Level 3.1 Stealth
 + Level 3.5 Spellcasting
 + Level 1.1 Conjurations
 + Level 4.4 Ice Magic


You had one spell level left.
You knew the following spells:

 Your Spells              Type           Power        Failure   Level  Hunger
a - Freeze                Ice            ###.         3%          1    None
b - Throw Frost           Conj/Ice       ##....       12%         2    ##.....
c - Ozocubu's Armour      Chrm/Ice       #.......     24%         3    ###....
d - Condensation Shield   Ice            ###.......   34%         4    ####...


Dungeon Overview and Level Annotations

Branches:
Dungeon (4/15)
 Temple: D:4-7

Altars:
Makhleb
Trog

Annotations:
D:3 Kharon's ghost, average DsBe
D:4 CrazyArbalest's ghost, average DENe


Message History

CrazyArbalest's ghost is infused with unholy energy.
CrazyArbalest's ghost draws life force from you and is healed!
You hit CrazyArbalest's ghost.
CrazyArbalest's ghost is lightly damaged.
CrazyArbalest's ghost hits you but does no damage.
CrazyArbalest's ghost casts a spell at you.
Pain shoots through your body!
CrazyArbalest's ghost points at you and mumbles some strange words.
Pain shoots through your body!
* * * LOW HITPOINT WARNING * * *
CrazyArbalest's ghost points at you and mumbles some strange words.
Pain shoots through your body!
* * * LOW HITPOINT WARNING * * *
CrazyArbalest's ghost says, "Don't worry, I won't let your corpse go to waste."
Your icy armour starts to melt.
Read which item? (? for menu, Esc to quit)
Okay, then.
CrazyArbalest's ghost points at you and mumbles some strange words.
Pain shoots through your body!
You die...

.# #..## . ....# #.#.#.#
### #####.#.#.#
##.######.......#.#
#.........#####.#.#####
##.#######............#
#.# #.####.#.###.#####
########.# #@#
#.#.#........ ......##.#
###.####...#.#.#####
#####.##.#
#........#.#.#.# #.##.#
#.#.####.#.#.#.##
#.##.#####.#.####.#...(..#
#(....W..W...............#
####.#####.######.#.####.#
#.# #.######.#.# #.# #.#
#.#.. ...#.# #.#


You could see CrazyArbalest's ghost.

Vanquished Creatures
  2 orc wizards (D:3)
  Terence (D:3)
  3 adders
  A giant mite (D:1)
  2 worms (D:2)
  2 orcs (D:3)
  9 bats
  2 giant cockroaches (D:1)
  5 goblins
  14 hobgoblins
  A quokka (D:2)
  3 giant newts
  3 kobolds
  5 rats (D:1)
53 creatures vanquished.

Notes
Turn   | Place    | Note
--------------------------------------------------------------
     0 | D:1      | dvd, the Merfolk Ice Elementalist, began the quest for the Orb.
     0 | D:1      | Reached XP level 1. HP: 13/13 MP: 3/3
   258 | D:1      | Reached XP level 2. HP: 19/19 MP: 1/4
   380 | D:1      | Learned a level 2 spell: Throw Frost
   797 | D:1      | Reached XP level 3. HP: 16/24 MP: 0/6
   928 | D:1      | Learned a level 3 spell: Ozocubu's Armour
  1705 | D:2      | Reached skill level 4 in Ice Magic
  1770 | D:2      | Found a bloodstained altar of Trog.
  1878 | D:2      | Reached XP level 4. HP: 20/30 MP: 0/9
  1915 | D:2      | Found a burning altar of Makhleb.
  1915 | D:2      | Noticed a cacodemon
  1925 | D:2      | Noticed an orange demon
  1925 | D:2      | Noticed a neqoxec
  2304 | D:3      | Reached skill level 1 in Conjurations
  2350 | D:3      | Reached XP level 5. HP: 17/36 MP: 6/11
  2572 | D:3      | Noticed Terence
  2578 | D:3      | Killed Terence
  2779 | D:3      | Learned a level 1 spell: Freeze
  2870 | D:3      | Noticed Kharon's ghost (average DsBe)
  3028 | D:4      | Learned a level 4 spell: Condensation Shield
  3109 | D:4      | Got a pitted war axe
  3284 | D:4      | Noticed CrazyArbalest's ghost (average DENe)
  3323 | D:4      | Killed from afar by CrazyArbalest's ghost

Action                   |  1- 3 |  4- 6 || total
-------------------------+-------+-------++-------
Melee: Unarmed           |    21 |    14 ||    35
       Spear             |       |    15 ||    15
 Cast: Freeze            |    51 |    20 ||    71
       Throw Frost       |     7 |    13 ||    20
       Ozocubu's Armour  |     1 |     2 ||     3
  Use: Potion            |       |     1 ||     1
       Scroll            |       |     9 ||     9
 Stab: Sleeping          |     5 |     2 ||     7
  Eat: Chunk             |     4 |     6 ||    10
